 Dungeon Crawl Stone Soup version 0.28.0-49-g6dfe1f597d (webtiles) character file.

Game seed: 11078596016244130384

1248 nickcage the Carver (level 8, 0/56 HPs)
             Began as a Demonspawn Gladiator on May 13, 2022.
             Was a Follower of Qazlal.
             Succumbed to a scorpion's poison
             ... on level 5 of the Dungeon on May 16, 2022.
             The game lasted 00:14:59 (4940 turns).

nickcage the Carver (Demonspawn Gladiator)          Turns: 4940, Time: 00:15:00

Health: 0/56       AC: 11    Str: 16    XL:     8   Next: 26%
Magic:  8/8        EV: 10    Int: 11    God:    Qazlal [*.....]
Gold:   230        SH:  1    Dex: 14    Spells: 7/7 levels left

rFire   . . .      SeeInvis +   a - +0 long sword
rCold   + . .      Faith    .   (no shield)
rNeg    . . .      Spirit   .   v - +0 scale mail
rPois   .          Reflect  .   s - +1 helmet
rElec   +          Harm     .   (no cloak)
rCorr   .          Rampage  .   p - +0 pair of gloves
Will    .....                   (no boots)
Stlth   ..........              m - amulet of the acrobat
HPRegen 0.18/turn               r - ring of see invisible
MPRegen 0.11/turn               (no ring)

@: lethally poisoned (0 -> -4), attractive
A: yellow scales 1, powered by pain 1, spiny 2, demonic touch 2, talons 1, cold
resistance 1, sense surroundings 1, electricity resistance
a: Renounce Religion


You were on level 5 of the Dungeon.
You worshipped Qazlal.
Qazlal was aware of your devotion.
You visited 2 branches of the dungeon, and saw 6 of its levels.

You collected 230 gold pieces.

Inventory:

Hand Weapons
 a - a +0 long sword (weapon)
Missiles
 d - 4 throwing nets
Armour
 b - a +0 leather armour
 c - a +0 helmet
 p - a +0 pair of gloves (worn)
 q - a +0 ring mail
 s - a +1 helmet (worn)
 t - +0 steam dragon scales
 v - a +0 scale mail (worn)
Jewellery
 m - an amulet of the acrobat (around neck)
 r - a ring of see invisible (left hand)
Wands
 u - a wand of flame (14) (quivered)
 w - a wand of mindburst (12)
Scrolls
 h - a scroll of identify {unknown}
 i - a scroll of enchant weapon {unknown}
 j - 2 scrolls of teleportation
 l - a scroll of blinking {unknown}
 o - 2 scrolls of magic mapping {unknown}
Potions
 e - a potion of mutation
 g - a potion of flight
 k - a potion of cancellation
 x - a potion of curing {unknown}
 z - a potion of degeneration {unknown}


   Skills:
 - Level 2.0 Fighting
 + Level 9.6 Long Blades
 - Level 1.7 Throwing
 - Level 2.6 Dodging


You had 7 spell levels left.
You didn't know any spells.
Your spell library contained the following spells:

 Spells                   Type           Power      Damage    Failure   Level
 Ensorcelled Hibernation  Hex/Ice        0%         N/A       90%         2
 Spider Form              Tmut/Pois      0%         N/A       99%         3
 Anguish                  Hex/Necr       0%         N/A       100%        4


Dungeon Overview and Level Annotations

Branches:
Dungeon (5/15)             Temple (1/1) D:4

Altars:
Cheibriados
Elyvilon
Fedhas
Gozag
Hepliaklqana
Makhleb
Nemelex Xobeh
Okawaru
Qazlal
Sif Muna
Trog
Uskayaw
Vehumet
Wu Jian
Xom
Yredelemnul
Zin

Shops:
D:4 *


Innate Abilities, Weirdness & Mutations

You are partially covered in yellow scales. (AC +2)
You sometimes gain a little power by taking damage.
You are mostly covered in sharp spines.
Your touch may inflict irresistible damage on your foes.
You have sharp toenails.
Your flesh is cold resistant. (rC+)
You passively map a small area around you.
You are resistant to electric shocks. (rElec)


Message History

You are more poisoned.
The scorpion poisons you!
The orc wizard hits you but does no damage.
You hit the scorpion but do no damage.
You touch the scorpion.
You kill the scorpion!
Qazlal accepts your kill.
You are now surrounded by a storm.
You feel very sick.
The orc wizard is struck by your spines.
You kill the orc wizard!
Qazlal accepts your kill.
You feel very sick.
You feel very sick.
* * * LOW HITPOINT WARNING * * *
You feel very sick.
Okay, then.
As you read the scroll labelled GURO BEIFYOCI, it crumbles to dust.
Your body is wracked with pain!
* * * LOW HITPOINT WARNING * * *
It was a scroll of torment.
* * * LOW HITPOINT WARNING * * *
You feel very sick.
It was a potion of mutation.
You feel extremely strange.
Your toenails lengthen and sharpen.
You feel resistant to cold.
You feel a strange attunement to the structure of the dungeons.
You feel insulated.
* * * LOW HITPOINT WARNING * * *
You feel sick.
It was a potion of flight.
You feel very buoyant.
You fly up into the air.
* * * LOW HITPOINT WARNING * * *
You feel sick.
It was a potion of cancellation.
Your magical effects are unravelling.
You feel magically purged.
You float gracefully downwards.
* * * LOW HITPOINT WARNING * * *
You feel sick.
It was a potion of attraction.
You feel attractive to monsters.
You die...

#.##.#........ * ..##.....).... ,
* #. ##.###......... ,* ...
##.###......... ##.#*
......<........ ** ... #####
##.###.......... ..# #...#
.###........###..#### #.###
..#...........).....# #.#
#.#..........@).....# #.#
#.#..........#......# #.#
#.#..........######## #.#####
#............# #.#....
##...........###### #.#....
#.##......#......######.#....
###.########..####.............
###.....####.....................
..............#####....####.#....


There were no monsters in sight!

Vanquished Creatures
  Sigmund (D:4)
  Eustachio (D:4)
  A steam dragon (D:4)
  Edmund (D:4)
  2 scorpions (D:5)
  3 hounds
  4 orc priests
  3 iguanas
  4 orc wizards
  Robin (D:3)
  A howler monkey skeleton (D:5)
  An adder (D:3)
  3 gnolls (D:5)
  A white imp (D:5)
  2 adder skeletons (D:4)
  3 worms
  2 dart slugs
  13 orcs
  10 ball pythons
  14 endoplasms
  7 giant cockroaches
  21 goblins
  9 hobgoblins
  4 quokkas
  3 bats
  3 frilled lizards (D:1)
  2 kobolds (D:1)
  8 rats
128 creatures vanquished.

Notes
Turn   | Place    | Note
-------+----------+-------------------------------------------
     0 | D:1      | nickcage the Demonspawn Gladiator began the quest for the
                  | Orb.
     0 | D:1      | Reached XP level 1. HP: 16/16 MP: 1/1
    95 | D:1      | Reached skill level 3 in Long Blades
   226 | D:1      | Gained mutation: You are partially covered in sharp spines.
                  | [demonic ancestry]
   226 | D:1      | Reached XP level 2. HP: 20/22 MP: 2/2
   859 | D:1      | Gained mutation: Your touch may inflict minor irresistible
                  | damage on your foes. [demonic ancestry]
   859 | D:1      | Reached XP level 3. HP: 27/27 MP: 3/3
  1197 | D:2      | Identified the +0 robe of Heqe Yra {rPois rC+ Int-3 Stlth+}
  1206 | D:2      | Reached skill level 4 in Long Blades
  2108 | D:2      | Gained mutation: You are partially covered in yellow
                  | scales. (AC +2) [demonic ancestry]
  2108 | D:2      | Reached XP level 4. HP: 33/33 MP: 4/4
  2156 | D:3      | Noticed Robin
  2165 | D:3      | Killed Robin
  2317 | D:3      | Reached skill level 5 in Long Blades
  2635 | D:3      | Found a sparkling altar of Nemelex Xobeh.
  2659 | D:3      | Found an opulent altar of Gozag.
  2705 | D:3      | Reached XP level 5. HP: 38/38 MP: 5/5
  2722 | D:3      | Reached skill level 6 in Long Blades
  3249 | D:4      | Gained mutation: Your touch may inflict irresistible damage
                  | on your foes. [demonic ancestry]
  3249 | D:4      | Reached XP level 6. HP: 44/44 MP: 6/6
  3342 | D:4      | Noticed a steam dragon
  3464 | D:4      | Found a staircase to the Ecumenical Temple.
  3470 | Temple   | Entered the Ecumenical Temple
  3511 | Temple   | Became a worshipper of Qazlal Stormbringer
  3523 | D:4      | Found Lykkad's Assorted Antiques.
  3537 | D:4      | Killed a steam dragon
  3538 | D:4      | Reached skill level 7 in Long Blades
  3741 | D:4      | Noticed Sigmund
  3756 | D:4      | Killed Sigmund
  3757 | D:4      | Gained mutation: You sometimes gain a little power by
                  | taking damage. [demonic ancestry]
  3757 | D:4      | Reached XP level 7. HP: 46/50 MP: 7/7
  3801 | D:4      | Noticed Edmund
  3809 | D:4      | Killed Edmund
  3810 | D:4      | Reached skill level 8 in Long Blades
  3856 | D:4      | Noticed Eustachio
  3873 | D:4      | Killed Eustachio
  4456 | D:5      | Entered Level 5 of the Dungeon
  4665 | D:5      | Reached skill level 9 in Long Blades
  4665 | D:5      | Gained mutation: You are mostly covered in sharp spines.
                  | [demonic ancestry]
  4665 | D:5      | Reached XP level 8. HP: 56/56 MP: 8/8
  4932 | D:5      | Reached * piety under Qazlal
  4937 | D:5      | Gained mutation: You have sharp toenails. [potion of
                  | mutation]
  4937 | D:5      | Gained mutation: Your flesh is cold resistant. (rC+)
                  | [potion of mutation]
  4937 | D:5      | Gained mutation: You passively map a small area around you.
                  | [potion of mutation]
  4937 | D:5      | Gained mutation: You are resistant to electric shocks.
                  | (rElec) [potion of mutation]
  4939 | D:5      | HP: 1/56 [poisoned by a scorpion]
  4940 | D:5      | Succumbed to a scorpion's poison

Illustrated notes

Levels and vault maps discovered:
D:1:      mrwooster_arrival_statue, layout_basic, serial_park_tiny_2
D:2:      layout_loops_ring
D:3:      layout_rooms, mainiacjoe_overflow_paths, lemuel_round_altar,
          mainiacjoe_overflow_concentric_impassable, uniq_robin
D:4:      layout_basic, temple_green, serial_shops, shop,
          sigmund_edmund_badplayer, uniq_sigmund, uniq_eustachio
D:5:      layout_rooms, serial_corexii_hall, corexii_hall_statues_l,
          corexii_hall_statues_l
Temple:   eino_temple_lava

Skill      XL: |  1  2  3  4  5  6  7 |
---------------+----------------------+-----
Long Blades    | 3 4 5 6 7 9 |  9.6
Fighting       | |  2.0
Throwing       | |  1.7
Dodging        | |  2.6

Action                   |  1- 3 |  4- 6 |  7- 9 || total
-------------------------+-------+-------+-------++-------
Melee: Long sword        |    88 |    86 |    84 ||   258
       Touch             |    11 |    14 |    14 ||    39
       Punch             |     2 |       |     2 ||     4
Throw: Throwing net      |       |     2 |       ||     2
Evoke: Wand              |       |       |     2 ||     2
  Use: Scroll            |       |     1 |     1 ||     2
       Potion            |       |       |     4 ||     4
 Stab: Sleeping          |     2 |       |       ||     2
       Held in net/web   |       |     2 |       ||     2
Armor: Leather armour    |    23 |    26 |       ||    49
       Ring mail         |       |     6 |       ||     6
       Steam dragon scal |       |     2 |     1 ||     3
       Scale mail        |       |       |    24 ||    24
Dodge: Dodged            |    57 |    54 |    39 ||   150
